 Dungeon Crawl Stone Soup version 0.23-a0-690-g0a1fc62 (webtiles) character file.

124787 nikopol the Severer (level 16, -12/147 HPs)
             Began as a Minotaur Berserker on Jan 9, 2019.
             Was the Champion of Trog.
             Mangled by a tentacle (13 damage)
             ... attached to a kraken
             ... on level 2 of the Shoals on Jan 11, 2019.
             The game lasted 01:17:25 (28959 turns).

nikopol the Severer (Minotaur Berserker)           Turns: 28959, Time: 01:17:26

Health: -12/147    AC: 16    Str: 24    XL:     16   Next: 40%
Magic:  15/15      EV: 21    Int:  4    God:    Trog [******]
Gold:   3166       SH:  0    Dex: 15    Spells: 15/15 levels left

rFire    + . .     SeeInvis .   a - +5 battleaxe (chop)
rCold    + + +     Gourm    .   (shield currently unavailable)
rNeg     . . .     Faith    .   D - +3 ring mail {rC+}
rPois    +         Spirit   .   X - +1 hat
rElec    +         Reflect  .   j - +1 cloak {rF+}
rCorr    .         Harm     .   y - +0 pair of gloves
MR       ++...                  E - +0 pair of boots
Stlth    ++........             m - amulet of Qonoco {RegenMP rElec rPois MR+}
HPRegen  0.34/turn              k - +5 ring of evasion
MPRegen  0.39/turn              o - ring of Cuynlam {rElec rPois rC++}

@: no status effects
A: retaliatory headbutt, horns 2
a: Berserk, Trog's Hand, Brothers in Arms, Renounce Religion


You were on level 2 of the Shoals.
You worshipped Trog.
Trog was exalted by your worship.
You were very hungry.

You visited 4 branches of the dungeon, and saw 25 of its levels.
You visited the Abyss 1 time.
You also visited: Gauntlet, Ice Cave and Volcano.

You collected 3166 gold pieces.

Inventory:

Hand Weapons
 a - a +5 battleaxe of chopping (weapon)
 z - a +5 longbow of freezing
 R - a +2 flail of crushing
 Z - a +2 flail of flaming
Missiles
 p - 437 arrows
Armour
 b - a +3 plate armour of fire resistance
 j - a +1 cloak of fire resistance (worn)
 q - a +1 cloak of cold resistance
 y - a +0 pair of gloves (worn)
 D - a +3 ring mail of cold resistance (worn)
 E - a +0 pair of boots (worn)
 I - a scarf of cloud immunity
 X - a +1 hat (worn)
Jewellery
 k - a +5 ring of evasion (left hand)
 m - the amulet of Qonoco (around neck) {RegenMP rElec rPois MR+}
   (You found it in a Gauntlet)

   [amulet of magic regeneration]

   It increases your magic regeneration.
   It insulates you from electricity.
   It protects you from poison.
   It affects your resistance to hostile enchantments.
 o - the ring of Cuynlam (right hand) {rElec rPois rC++}
   (You found it on level 5 of the Dungeon)

   [ring of poison resistance]

   It greatly protects you from cold.
   It insulates you from electricity.
   It protects you from poison.
 s - an uncursed ring of protection from magic
 L - the ring "Vuvecs" {-Tele +Inv rF++ rN+}
   (You took it off a minotaur in a Gauntlet)

   [ring of positive energy]

   It greatly protects you from fire.
   It protects you from negative energy.
   It lets you turn invisible.
   It prevents most forms of teleportation.
Wands
 t - a wand of digging (13)
 w - a wand of paralysis (40)
 C - a wand of enslavement (31)
 K - a wand of polymorph (31)
 M - a wand of acid (23)
 T - a wand of iceblast (10)
 U - a wand of flame (60)
Scrolls
 h - 2 scrolls of identify
 l - 6 scrolls of magic mapping
 n - 5 scrolls of fog
 v - 3 scrolls of enchant armour
 x - 17 scrolls of remove curse
 F - a scroll of silence
 H - 6 scrolls of fear {unknown}
 J - a scroll of summoning
 N - 7 scrolls of teleportation {unknown}
 Q - 4 scrolls of immolation {unknown}
 W - 2 scrolls of holy word
Potions
 d - 3 potions of brilliance
 e - a potion of magic
 f - 6 potions of heal wounds
 g - 2 potions of might
 i - 3 potions of flight
 r - 2 potions of lignification
 A - 10 potions of curing
 B - a potion of resistance
 G - 2 potions of invisibility
 O - 3 potions of cancellation
 P - 2 potions of ambrosia {unknown}
 V - 3 potions of haste
Comestibles
 c - 62 rations


   Skills:
 + Level 14.7 Fighting
 * Level 20.6 Axes
 - Level 0.3(14.0) Maces & Flails
 * Level 17.6 Bows
 + Level 9.6 Armour
 + Level 7.5 Dodging
 + Level 2.9 Stealth


You had 15 spell levels left.
You didn't know any spells.
Your spell library was empty.

Dungeon Overview and Level Annotations

Branches:
Dungeon (15/15)            Temple (0/1) D:7            Lair (6/6) D:10
 Shoals (2/4) Lair:3       Spider (0/4) Lair:2        Slime (0/5) Lair:6
    Orc (2/2) D:12            Elf (0/3) Orc:2        Vaults (0/5) D:13
 Depths (0/5) D:15

Altars:
Ashenzari
Elyvilon
Fedhas
Okawaru
Sif Muna
Trog
Beogh
Jiyva

Shops:
D:12 *   Orc:2 [(*:


Innate Abilities, Weirdness & Mutations

You reflexively headbutt those who attack you in melee.
You have a pair of horns on your head.


Message History

You slash the tentacle! The tentacle slaps you!!
Tentacles burst out of the water!
The tentacle completely misses you. You furiously retaliate!
You headbutt the tentacle. 3 tentacles come into view.
You completely miss the tentacle. You headbutt the tentacle!
The tentacle is almost dead.
The tentacle slaps you. x2
* * * LOW HITPOINT WARNING * * *
You hit the tentacle.
You kill the tentacle!
You barely miss the tentacle. The tentacle slaps you!
* * * LOW HITPOINT WARNING * * *
The tentacle slaps you!!
* * * LOW HITPOINT WARNING * * *
The tentacle slaps you.
* * * LOW HITPOINT WARNING * * *
You feel much better.
A tentacle rises from the water!
The tentacle slaps you!!
* * * LOW HITPOINT WARNING * * *
The tentacle slaps you!
You die...

.###....≈≈≈..####...≈≈≈≈≈≈≈≈≈
..##...≈≈≈≈≈..#((((≈≈≈≈≈≈P≈≈≈
≈.....≈≈≈≈≈≈≈...((.≈P≈≈≈≈≈≈≈≈
≈...≈≈≈≈≈≈≈≈≈...(#(≈≈≈≈.≈≈≈≈.
≈≈..≈≈≈≈≈≈≈≈≈≈..)))≈≈≈≈≈≈≈≈≈.
≈≈.≈≈≈≈≈≈≈≈≈≈(....≈≈≈≈≈≈≈≈≈≈.
≈≈≈≈≈≈≈≈≈≈≈≈≈≈.#..≈≈≈≈≈≈≈≈≈..
≈≈≈≈≈≈≈≈≈≈≈≈≈≈##)<≈≈≈≈≈≈≈P..
≈≈≈≈≈≈≈≈≈≈≈≈≈≈.w@.≈P≈≈.≈PP.
≈≈≈≈≈≈≈≈≈≈≈≈≈≈≈ww≈≈≈≈$.≈.# ≈
≈≈≈≈≈≈≈≈(≈≈≈≈P..##
≈≈≈≈≈≈≈≈≈≈≈≈≈≈≈.P
≈≈≈≈≈≈≈≈X≈≈≈≈≈≈≈.
≈≈≈≈≈≈≈≈≈w≈≈≈≈≈≈≈
≈≈≈≈≈≈≈≈≈≈≈≈≈≈≈≈P
≈≈≈≈≈≈≈≈≈≈≈≈≈≈≈≈≈
≈≈≈≈≈≈≈≈≈≈≈≈≈≈≈


You could see a kraken and 4 tentacles.

Vanquished Creatures
  Saint Roka (Orc:2)
  Rupert (Lair:6)
  A tentacled monstrosity (Abyss:2)
  A reaper (IceCv)
  A minotaur (Gauntlet)
  2 dire elephants
  A green death (Abyss:2)
  2 merfolk javelineers (Shoals:2)
  A fire dragon (Lair:6)
  A vault guard (D:13)
  6 hydras
  4 centaur warriors
  2 starcursed masses (Abyss:2)
  Erica (D:9)
  A merfolk avatar (Shoals:1)
  A catoblepas (D:15)
  6 two-headed ogres
  A tengu warrior (D:14)
  3 death yaks (Lair:6)
  2 orc high priests
  Urug (Orc:2)
  A wretched star (Abyss:2)
  A deep elf knight (D:15)
  A fire crab (Gauntlet)
  4 skeletal warriors (D:13)
  2 sea snakes
  A hell knight (Volcano)
  A sun demon (Abyss:2)
  3 unseen horrors
  A salamander mystic (Volcano)
  3 lindwurms (Lair:6)
  3 wizards (D:13)
  2 large abominations (Abyss:2)
  6 orc knights
  Pikel (D:5)
  14 ugly things
  2 wolf spiders
  6 fauns
  3 harpies (Shoals:2)
  5 manticores
  2 oklob plants
  4 orc sorcerers
  4 salamanders (Volcano)
  2 merfolk sirens
  8 elephants
  4 cyclopes
  2 black mambas
  A rust devil (Abyss:2)
  A gargoyle (D:13)
  2 ice statues (IceCv)
  6 torpor snails (Lair:6)
  4 kobold demonologists
  A komodo dragon (shapeshifter) (Gauntlet)
  12 spiny frogs
  3 rime drakes
  11 ice devils (IceCv)
  6 komodo dragons
  An efreet (D:15)
  2 red devils (Abyss:2)
  3 wind drakes
  3 polar bears
  10 trolls
  A hornet (shapeshifter) (D:13)
  8 blink frogs
  7 hornets
  2 tyrant leeches (Lair:6)
  12 merfolk
  8 dream sheep
  A meliai zombie (D:13)
  8 slime creatures
  16 hippogriffs
  3 small abominations (Abyss:2)
  2 snapping turtles
  5 vampires
  A wraith (D:14)
  A shadow (D:14)
  A redback (Lair:2)
  33 yaks
  6 fire bats (Gauntlet)
  4 wyverns
  2 chaos spawn (Abyss:2)
  21 humans (D:13)
  3 basilisks
  A hungry ghost (D:14)
  5 wargs
  Menkaure (D:4)
  A soldier ant (shapeshifter) (D:15)
  Edmund (D:4)
  3 acid dragons
  12 water moccasins
  A hell hound (Gauntlet)
  A soldier ant (D:11)
  6 porcupines
  2 black bears
  32 orc warriors
  2 sky beasts
  A phantom (D:12)
  3 eyes of draining
  4 ice beasts
  A necrophage (D:10)
  4 wolves
  9 ogres
  5 boggarts (D:15)
  4 centaurs
  10 crocodiles
  8 big kobolds
  20 bullfrogs
  4 gnoll sergeants (D:12)
  2 water moccasin zombies (D:5)
  3 scorpions
  4 killer bees (D:8)
  A howler monkey (D:14)
  6 crimson imps
  3 bullfrog zombies
  2 quasits
  3 centaur skeletons
  18 orc priests
  6 jellies
  4 hounds
  27 orc wizards
  4 bullfrog skeletons
  2 iguanas
  Terence (D:2)
  8 worker ants
  A killer bee zombie (D:7)
  A hound zombie (D:8)
  A hound skeleton (D:4)
  2 worker ant zombies
  A howler monkey zombie (D:11)
  Robin (D:2)
  3 gnolls (D:12)
  12 adders
  A shadow imp (D:7)
  7 white imps
  9 ufetubi (IceCv)
  3 adder skeletons
  2 adder zombies
  2 worms (D:2)
  A dart slug (D:1)
  4 leopard geckos
  90 orcs
  10 bats
  7 giant cockroaches
  17 goblins
  5 hobgoblins
  7 jackals
  3 quokkas
  A ball python (D:1)
  8 frilled lizards
  16 kobolds
  A leopard gecko skeleton (D:4)
  A leopard gecko zombie (D:7)
  A quokka zombie (D:6)
  9 rats
  8 fungi
  8 plants
  3 tentacles (Shoals:2)
818 creatures vanquished.

Vanquished Creatures (collateral kills)
  An ugly thing (D:10)
  A torpor snail (Lair:6)
  A hornet (Lair:6)
  2 tyrant leeches (Lair:6)
  A black bear (D:10)
  A hound (D:10)
  2 orcs (D:10)
9 creatures vanquished.

Vanquished Creatures (others)
  2 white imps (IceCv)
  3 ufetubi (IceCv)
  3 fungi
  A plant (Gauntlet)
  5 tentacles (Shoals:2)
14 creatures vanquished.

Grand Total: 841 creatures vanquished

Notes
Turn   | Place    | Note
-------+----------+-------------------------------------------
     0 | D:1      | nikopol the Minotaur Berserker began the quest for the Orb.
     0 | D:1      | Reached XP level 1. HP: 19/19 MP: 0/0
    68 | D:1      | Reached XP level 2. HP: 25/27 MP: 1/1
   151 | D:1      | Reached skill level 4 in Axes
   359 | D:1      | Reached ** piety under Trog
   431 | D:1      | Reached XP level 3. HP: 33/33 MP: 2/2
   778 | D:2      | Noticed Robin
   789 | D:2      | Killed Robin
   814 | D:2      | Reached XP level 4. HP: 28/41 MP: 3/3
   987 | D:2      | Noticed Terence
   993 | D:2      | Killed Terence
  1384 | D:3      | Reached skill level 5 in Axes
  1447 | D:3      | Found a shattered altar of Ashenzari.
  1453 | D:3      | Reached XP level 5. HP: 47/47 MP: 4/4
  1495 | D:3      | Reached *** piety under Trog
  2006 | D:4      | Reached skill level 5 in Fighting
  2085 | D:4      | Noticed Menkaure
  2092 | D:4      | Killed Menkaure
  2092 | D:4      | Reached skill level 6 in Axes
  2092 | D:4      | Reached XP level 6. HP: 56/56 MP: 5/5
  2100 | D:4      | Reached skill level 1 in Stealth
  2151 | D:4      | Noticed Edmund
  2161 | D:4      | Killed Edmund
  2165 | D:4      | Reached XP level 7. HP: 61/61 MP: 6/6
  2240 | D:4      | Found a shattered altar of Ashenzari.
  2254 | D:4      | Found a blossoming altar of Fedhas.
  2257 | D:4      | Reached skill level 7 in Axes
  2260 | D:4      | Found a bloodstained altar of Trog.
  2270 | D:4      | Found an iron altar of Okawaru.
  2551 | D:5      | Entered Level 5 of the Dungeon
  2581 | D:5      | Found an iron altar of Okawaru.
  2825 | D:5      | Noticed Pikel
  2834 | D:5      | Killed Pikel
  2834 | D:5      | Reached skill level 8 in Axes
  2834 | D:5      | Reached skill level 1 in Bows
  2834 | D:5      | Reached XP level 8. HP: 70/70 MP: 7/7
  2938 | D:5      | Reached skill level 9 in Axes
  2988 | D:5      | Got a warped lead ring
  3040 | D:5      | Reached **** piety under Trog
  3091 | D:5      | Reached skill level 5 in Armour
  4124 | D:7      | Noticed a two-headed ogre
  4131 | D:7      | Killed a two-headed ogre
  4131 | D:7      | Reached skill level 10 in Axes
  4131 | D:7      | Reached skill level 5 in Bows
  4131 | D:7      | Reached XP level 9. HP: 78/78 MP: 8/8
  4176 | D:7      | Found a staircase to the Ecumenical Temple.
  5472 | D:8      | Noticed a two-headed ogre
  5483 | D:8      | Killed a two-headed ogre
  5483 | D:8      | Reached skill level 11 in Axes
  5483 | D:8      | Reached XP level 10. HP: 88/88 MP: 9/9
  5556 | D:8      | Reached ***** piety under Trog
  5925 | D:9      | Noticed Erica
  5947 | D:9      | Killed Erica
  6568 | D:9      | Reached skill level 10 in Bows
  6750 | D:10     | Entered Level 10 of the Dungeon
  6833 | D:10     | Reached skill level 5 in Dodging
  7139 | D:10     | Found a staircase to the Lair.
  7143 | D:10     | Identified the ring of Cuynlam {rElec rPois rC++} (You
                  | found it on level 5 of the Dungeon)
  7216 | D:10     | Noticed a brown ugly thing
  7220 | D:10     | Paralysed by a hornet for 3 turns
  7245 | D:10     | Killed a brown ugly thing
  7720 | D:10     | Reached XP level 11. HP: 94/94 MP: 10/10
  7721 | D:10     | Reached skill level 12 in Axes
  7756 | D:10     | Noticed a two-headed hydra
  7778 | D:10     | Killed a two-headed hydra
  8263 | Lair:1   | Entered Level 1 of the Lair of Beasts
  8708 | Lair:1   | Received a gift from Trog
  9751 | Lair:2   | Reached skill level 13 in Axes
  9885 | Lair:2   | Found a hole to the Spider Nest.
 10302 | Lair:3   | Found a staircase to the Shoals.
 10787 | Lair:3   | Noticed a four-headed hydra
 10803 | Lair:3   | Killed a four-headed hydra
 10803 | Lair:3   | Reached XP level 12. HP: 95/106 MP: 11/11
 11519 | Lair:4   | Reached skill level 14 in Axes
 11526 | Lair:4   | Reached skill level 10 in Fighting
 11732 | Lair:4   | Received a gift from Trog
 11924 | Lair:4   | Noticed a four-headed hydra
 11937 | Lair:4   | Killed a four-headed hydra
 12366 | Lair:5   | Reached skill level 15 in Axes
 13232 | Lair:6   | Entered Level 6 of the Lair of Beasts
 13346 | Lair:6   | Found a viscous altar of Jiyva.
 13347 | Lair:6   | Found a staircase to the Slime Pits.
 13487 | Lair:6   | Noticed an eight-headed hydra
 13490 | Lair:6   | Killed an eight-headed hydra
 13490 | Lair:6   | Reached XP level 13. HP: 114/114 MP: 12/12
 13727 | Lair:6   | Found a runed door.
 13779 | Lair:6   | Noticed a fire dragon
 13805 | Lair:6   | Killed a fire dragon
 13895 | Lair:6   | Paralysed by a hornet for 3 turns
 13901 | Lair:6   | Received a gift from Trog
 14657 | Lair:6   | Reached skill level 16 in Axes
 14992 | Lair:6   | Received a gift from Trog
 15295 | Lair:6   | Noticed Rupert
 15295 | Lair:6   | Paralysed by Rupert for 4 turns
 15305 | Lair:6   | Killed Rupert
 15610 | Lair:6   | Noticed a dire elephant
 15629 | Lair:6   | Killed a dire elephant
 16037 | Lair:6   | Reached skill level 17 in Axes
 17271 | D:11     | Reached ****** piety under Trog
 17313 | D:11     | Reached XP level 14. HP: 116/126 MP: 13/13
 17359 | D:11     | Received a gift from Trog
 17543 | D:11     | Found a deep blue altar of Sif Muna.
 17854 | D:12     | Found a staircase to the Orcish Mines.
 17882 | D:12     | Received a gift from Trog
 17987 | D:12     | Found Useuwineg's Blood Bar.
 18582 | Orc:1    | Entered Level 1 of the Orcish Mines
 18601 | Orc:1    | Found a frozen archway.
 18630 | IceCv    | Entered an ice cave
 18669 | IceCv    | Received a gift from Trog
 18711 | IceCv    | Reached skill level 15 in Bows
 19066 | IceCv    | Reached skill level 18 in Axes
 19109 | IceCv    | Noticed a reaper
 19121 | IceCv    | Killed a reaper
 19528 | Orc:1    | Found a roughly hewn altar of Beogh.
 19717 | Orc:2    | Entered Level 2 of the Orcish Mines
 19762 | Orc:2    | Found a dark tunnel.
 19768 | Volcano  | Entered a volcano
 20101 | Orc:2    | Received a gift from Trog
 20120 | Orc:2    | Found a staircase to the Elven Halls.
 20139 | Orc:2    | Found a gate leading to a gauntlet.
 20148 | Gauntlet | Entered a Gauntlet
 20148 | Gauntlet | Found a transporter.
 20148 | Gauntlet | Found a transporter.
 20148 | Gauntlet | Found a transporter.
 20187 | Gauntlet | Found a transporter.
 20191 | Gauntlet | Found a transporter.
 20193 | Gauntlet | Found a transporter.
 20199 | Gauntlet | Found a transporter.
 20201 | Gauntlet | Found a transporter.
 20202 | Gauntlet | Found a transporter.
 20204 | Gauntlet | Found a transporter.
 20212 | Gauntlet | Found a transporter.
 20212 | Gauntlet | Found a transporter.
 20858 | Gauntlet | Got a wavering emerald amulet
 20987 | Gauntlet | Identified the +4 troll leather armour of the Dolphin
                  | {rElec rF+ MR- Regen+ Dex+7}
 20987 | Gauntlet | Identified the ring "Vuvecs" {-Tele +Inv rF++ rN+}
 21012 | Gauntlet | Identified the amulet of Qonoco {RegenMP rElec rPois MR+}
                  | (You found it in a Gauntlet)
 21015 | Gauntlet | Got a fine marble ring
 21033 | Orc:2    | Identified the ring of Noceheu {+Blink +Inv rC+ Int-2
                  | Stlth+} (You found it in a Gauntlet)
 21080 | Orc:2    | Noticed Urug
 21092 | Orc:2    | Killed Urug
 21259 | Orc:2    | Noticed Saint Roka
 21282 | Orc:2    | Killed Saint Roka
 21282 | Orc:2    | Reached skill level 19 in Axes
 21440 | Orc:2    | Found a roughly hewn altar of Beogh.
 21464 | Orc:2    | Found Deuxtorulu's Antique Armour Shop.
 21475 | Orc:2    | Found Joawkuos's General Store.
 21484 | Orc:2    | Found Yrroac's Book Shop.
 21504 | Orc:2    | Found Iqony's Antique Weapon Shop.
 22196 | Orc:1    | Reached XP level 15. HP: 93/135 MP: 14/14
 22206 | Orc:1    | Received a gift from Trog
 22950 | D:13     | Upgraded the game from 0.23-a0-677-g07611c5 to
                  | 0.23-a0-690-g0a1fc62
 23250 | D:13     | Found a gate to the Vaults.
 23259 | D:13     | Paralysed by a wizard for 7 turns
 23261 | D:13     | Cast into level 2 of the Abyss (a wizard)
 23261 | Abyss:2  | Found a corrupted altar of Lugonu.
 23430 | Abyss:2  | Noticed a tentacled monstrosity
 23439 | Abyss:2  | Killed a tentacled monstrosity
 23490 | Abyss:2  | Received a gift from Trog
 23779 | D:13     | Escaped the Abyss
 23791 | D:13     | Reached skill level 20 in Axes
 24620 | D:14     | Found a white marble altar of Elyvilon.
 24717 | D:14     | Received a gift from Trog
 25327 | D:14     | Received a gift from Trog
 25430 | D:15     | Entered Level 15 of the Dungeon
 25465 | D:15     | Received a gift from Trog
 25577 | D:15     | Received a gift from Trog
 25921 | D:15     | Found a shattered altar of Ashenzari.
 25962 | D:15     | Reached XP level 16. HP: 53/146 MP: 15/15
 25969 | D:15     | Found a staircase to the Depths.
 26876 | Shoals:1 | Entered Level 1 of the Shoals
 26976 | Shoals:1 | Identified 2 scrolls of acquirement
 27089 | Shoals:1 | Received a gift from Trog
 28591 | Shoals:2 | Noticed a kraken
 28958 | Shoals:2 | HP: 3/147 [tentacle[a kraken] (22)]
 28959 | Shoals:2 | HP: 1/147 [tentacle[a kraken] (19)]
 28959 | Shoals:2 | Mangled by a tentacle

Vault maps used:
D:1:      dpeg_arrival_arbitrary_c, hangedman_decor_diamond_cutter
D:2:      uniq_terence, uniq_robin
D:3:      serial_glass, glass_columns_c, glass_columns_c, glass_columns_b,
          glass_columns_a, lemuel_tele_altar
D:4:      grunt_temple_overflow_cloverleaf, minmay_distorted, uniq_menkaure,
          uniq_edmund
D:5:      first_ration, hangedman_decor_slide_cut, okawaru_gym_becter,
          uniq_pikel
D:7:      temple_pool_b
D:9:      minmay_fire_ice_demons, uniq_erica
D:10:     hangedman_ranch, serial_bayou_pond_d
D:11:     tgw_sif
D:12:     kennysheep_orc_monster_closet_entryway, guppyfry_shop_blood
D:13:     grunt_vaults_entry_tiered
D:14:     elyvilon_altar_4
D:15:     hangedman_depths_entry_try_elsewhere_first, ashenzari_altar_1
Lair:1:   cheibrodos_lair_caveside_slide, grunt_megastairs_2
Lair:2:   spider_nest_entry_rubble, infiniplex_staircase_pool_2
Lair:3:   elwin_shoals_entry_rooms, lemuel_fruit_tree
Lair:5:   serial_bayou_shore_b
Lair:6:   hangedman_lair_in_review, wormcave, slime_altar_1, uniq_rupert
Orc:1:    portal_ice_cave_entry_pillars_2, mines2_david
Orc:2:    grunt_orc_cross, nicolae_volcano_entry_hallway, gauntlet_entry_generic
Abyss:2:  evilmike_abyss_exit_13
IceCv:    ice_cave_small_demon
Volcano:  volcano_pools
Gauntlet: minmay_gauntlet_mixed_big_or_small

Skill      XL: |  1  2  3  4  5  6  7  8  9 10 11 12 13 14 15 16 |
---------------+-------------------------------------------------+-----
Fighting       | 4 5 6 7 8 9 10 12 13 14 | 14.7
Axes           | 4 5 6 8 10 11 13 15 17 19 20 | 20.6
Dodging        | 3 4 5 6 7 |  7.5
Armour         | 3 4 5 6 7 8 9 |  9.6
Stealth        | 1 2 |  2.9
Bows           | 1 5 8 11 12 14 15 16 17 | 17.6
Maces & Flails | |  0.3

Action                   |  1- 3 |  4- 6 |  7- 9 | 10-12 | 13-15 | 16-18 || total
-------------------------+-------+-------+-------+-------+-------+-------++-------
Melee: Hand axe          |    77 |    90 |       |       |       |       ||   167
       Headbutt          |    13 |    27 |    33 |    86 |   154 |    15 ||   328
       War axe           |       |    21 |   130 |   113 |       |       ||   264
       Battleaxe         |       |       |       |   216 |   709 |    89 ||  1014
       Flail             |       |       |       |    17 |     5 |       ||    22
       Longbow           |       |       |       |       |     1 |       ||     1
 Fire: Shortbow          |       |       |   123 |   421 |   316 |       ||   860
       Longbow           |       |       |       |       |   280 |   190 ||   470
Invok: Berserk           |       |     4 |     4 |     4 |    10 |       ||    22
       Brothers in Arms  |       |       |       |     1 |     1 |       ||     2
       Trog's Hand       |       |       |       |       |     1 |       ||     1
  Use: Scroll            |       |       |       |    12 |    10 |    12 ||    34
       Potion            |       |       |       |       |       |     1 ||     1
 Stab: Distracted        |       |       |       |       |     1 |       ||     1
       Petrifying        |       |       |       |       |     1 |       ||     1
  Eat: Chunk             |       |     7 |    14 |    25 |    39 |     9 ||    94
       Ration            |       |       |       |     1 |     3 |       ||     4
Armor: Animal skin       |    14 |       |       |       |       |       ||    14
       Chain mail        |       |    49 |       |       |       |       ||    49
       Ring mail         |       |       |    43 |   122 |   198 |    44 ||   407
       Plate armour      |       |       |       |       |     6 |       ||     6
Dodge: Dodged            |    49 |    68 |   129 |   319 |   572 |    94 ||  1231

Table legend:
 A = Non-vault XP
 B = Vault XP
 C = Vault XP percentage of total XP
 D = Non-vault monster count
 E = Vault monster count
 F = Vault count percentage of total count
                 A         B        C        D         E       F
            +---------+---------+-------+---------+---------+-------
      Total |  115611 |   62657 |  35.1 |     594 |     214 |  26.5
            +---------+---------+-------+---------+---------+-------
        D:1 |      56 |       0 |   0.0 |      33 |       0 |   0.0
        D:2 |      48 |      69 |  59.0 |      12 |      12 |  50.0
        D:3 |      68 |       0 |   0.0 |      23 |       0 |   0.0
        D:4 |     226 |     333 |  59.6 |      19 |       2 |   9.5
        D:5 |     423 |     641 |  60.2 |      18 |       1 |   5.3
        D:6 |     224 |       0 |   0.0 |       7 |       0 |   0.0
        D:7 |    1499 |       0 |   0.0 |      19 |       0 |   0.0
        D:8 |    2512 |       0 |   0.0 |      43 |       0 |   0.0
        D:9 |     969 |     983 |  50.4 |      13 |       3 |  18.8
       D:10 |    2526 |    2183 |  46.4 |      25 |       8 |  24.2
       D:11 |    4953 |      40 |   0.8 |      28 |       1 |   3.4
       D:12 |    2616 |    2308 |  46.9 |      14 |      24 |  63.2
       D:13 |   13376 |    7168 |  34.9 |      42 |      25 |  37.3
       D:14 |    7472 |       0 |   0.0 |      23 |       0 |   0.0
       D:15 |   15129 |    2596 |  14.6 |      53 |       4 |   7.0
     Lair:1 |    3342 |     280 |   7.7 |      16 |       2 |  11.1
     Lair:2 |    3168 |     216 |   6.4 |      15 |       1 |   6.2
     Lair:3 |    3714 |     278 |   7.0 |      15 |       1 |   6.2
     Lair:4 |    7277 |       0 |   0.0 |      22 |       0 |   0.0
     Lair:5 |    4005 |     145 |   3.5 |      17 |       1 |   5.6
     Lair:6 |    7066 |   19362 |  73.3 |      27 |      39 |  59.1
   Shoals:1 |    6578 |       0 |   0.0 |      16 |       0 |   0.0
   Shoals:2 |   11306 |       0 |   0.0 |      23 |       0 |   0.0
      Orc:1 |    5276 |     155 |   2.9 |      34 |       7 |  17.1
      Orc:2 |    1977 |   10927 |  84.7 |      21 |      34 |  61.8
    Abyss:2 |    9805 |     550 |   5.3 |      16 |       1 |   5.9
      IceCv |       0 |    6212 | 100.0 |       0 |      29 | 100.0
    Volcano |       0 |    3621 | 100.0 |       0 |       6 | 100.0
   Gauntlet |       0 |    4590 | 100.0 |       0 |      13 | 100.0
            +---------+---------+-------+---------+---------+-------
